 Dungeon Crawl Stone Soup version 0.29.1-15-g9cfb28693d (webtiles) character file.

Game seed: 117943791959909328

78 booth the Chopper (level 4, -9/34 HPs)
             Began as a Demonspawn Gladiator on May 1, 2023.
             Was a Believer of Jiyva.
             Mangled by a gnoll
             ... wielding a +0 flail
              (10 damage)
             ... on level 3 of the Dungeon.
             The game lasted 00:08:19 (1571 turns).

booth the Chopper (Demonspawn Gladiator)            Turns: 1571, Time: 00:08:20

Health: -9/34      AC:  4    Str: 16    XL:     4   Next: 15%
Magic:  4/4        EV: 12    Int:  9    God:    Jiyva [**....]
Gold:   137        SH:  0    Dex: 15    Spells: 3/3 levels left

rFire   . . .      SeeInvis .   a - +0 war axe
rCold   . . .      Faith    .   (no shield)
rNeg    . . .      Spirit   .   b - +0 leather armour
rPois   .          Reflect  .   c - +0 helmet
rElec   .          Harm     .   (no cloak)
rCorr   +          Rampage  .   (no gloves)
Will    .....                   (no boots)
Stlth   +.........              l - amulet of magic regeneration
HPRegen 1.07/turn               (no ring)
MPRegen 0.79/turn               (no ring)

@: no status effects
A: ignite blood 1
a: Renounce Religion


You were on level 3 of the Dungeon.
You worshipped Jiyva.
Jiyva was pleased with you.
You visited 1 branch of the dungeon, and saw 3 of its levels.

You collected 137 gold pieces.

Inventory:

Hand Weapons
 a - a +0 war axe (weapon)
Missiles
 d - 3 throwing nets (quivered)
Armour
 b - a +0 leather armour (worn)
 c - a +0 helmet (worn)
Jewellery
 i - an amulet of faith
 l - an amulet of magic regeneration (around neck)
 o - the ring of Iboymim {rN++ rCorr Dex+7 Slay-3}
   (You took it off an orc on level 3 of the Dungeon)

   [ring of resist corrosion]

   Dex:       It affects your dexterity (+7).
   Slay:      It affects your accuracy & damage with ranged weapons and melee
   (-3).
   rN:        It greatly protects you from negative energy.
   rCorr:     It protects you from acid and corrosion.
Scrolls
 n - a scroll of identify {unknown}
Potions
 f - a potion of invisibility {unknown}
 g - a potion of lignification {unknown}
 h - a potion of curing {unknown}
 j - a potion of attraction {unknown}
 k - a potion of brilliance {unknown}
 m - 2 potions of heal wounds {unknown}


   Skills:
 + Level 2.6 Fighting
 * Level 3.5 Axes
 + Level 2.3 Throwing
 + Level 3.1 Dodging


You had 3 spell levels left.
You didn't know any spells.
Your spell library contained the following spells:

 Spells                   Type           Power      Damage    Failure   Level
 Beastly Appendage        Tmut           0%         N/A       45%         1
 Wereblood                Tmut           0%         N/A       58%         2
 Spider Form              Tmut/Pois      0%         N/A       83%         3


Dungeon Overview and Level Annotations

Branches:
Dungeon (3/15)

Altars:
Ashenzari
Jiyva

Annotations:
D:3 1 runed translucent door, Crazy Yiuf


Innate Abilities, Weirdness & Mutations

Your demonic aura sometimes causes spilled blood to erupt in flames.


Message History

The gnoll barely misses you.
You rip the net and break free!
The gnoll shouts!
The gnoll completely misses you.
A gnoll comes into view.
It is wielding a +2 halberd of protection.
The gnoll completely misses you. The gnoll hits you with a +0 halberd.
The gnoll shouts!
You hit the gnoll.
The gnoll is lightly wounded.
You hear a shout!
The gnoll barely misses you.
You slash the gnoll!
The gnoll is almost dead.
The gnoll closely misses you.
A gnoll comes into view. It is wielding a +0 spear.
The gnoll misses you.
You slash the gnoll!
You kill the gnoll!
The gnoll barely misses you. x2; The gnoll closely misses you.
The gnoll attacks as you move away! The gnoll hits you with a +0 flail!
You hit the gnoll but do no damage. The gnoll barely misses you.
The gnoll hits you from afar with a +2 halberd of protection!
Throw: javelin
Press: ? - help, Q - select action, (/) - cycle Shift-Dir - straight line, f - gnoll
Aim: a gnoll, wielding a +0 flail (64% to hit)
You throw a javelin.
The javelin pierces through the gnoll but does no damage.
The javelin barely misses the gnoll. x2
You hit the gnoll.
The gnoll is heavily wounded.
The gnoll barely misses you.
The gnoll hits you from afar with a +2 halberd of protection.
The gnoll hits you with a +0 flail.
You hit the gnoll but do no damage.
The gnoll is heavily wounded.
The gnoll hits you from afar with a +2 halberd of protection!
* * * LOW HITPOINT WARNING * * *
The gnoll hits you with a +0 flail!
You die...

#...........#.
#########.###. #.....#
#. #.##..# #. #.#######
#.#...####
........###.#.#....#
....................
#.##########....#....#.#
#......@ggg)..(.####.#.#
############....# .#.#
#..### #.#.# ##.# #.#)#
#.. #.#)# ##.# #.#.#
g#####...# .g........
..###.....


You could see 3 gnolls.

Vanquished Creatures
  2 adders (D:2)
  A gnoll (D:3)
  A worm (D:2)
  3 orcs (D:3)
  3 ball pythons
  An endoplasm (D:1)
  A giant cockroach (D:1)
  4 goblins
  2 hobgoblins
  9 jackals
  5 quokkas
  2 bats (D:1)
  2 frilled lizards
  3 kobolds (D:1)
39 creatures vanquished.

Vanquished Creatures (others)
  A ball python (D:2)
  2 goblins
  2 hobgoblins
  A quokka (D:2)
  A kobold (D:1)
  A rat (D:1)
  14 plants (D:2)
22 creatures vanquished.

Grand Total: 61 creatures vanquished

Notes
Turn   | Place    | Note
-------+----------+-------------------------------------------
     0 | D:1      | booth the Demonspawn Gladiator began the quest for the Orb.
     0 | D:1      | Reached XP level 1. HP: 16/16 MP: 1/1
   173 | D:1      | Gained mutation: Your demonic aura sometimes causes spilled
                  | blood to erupt in flames. [demonic ancestry]
   173 | D:1      | Reached XP level 2. HP: 16/22 MP: 2/2
   175 | D:1      | You fall into a shaft and drop 1 floor!
   294 | D:1      | Found a faded altar of an unknown god.
   303 | D:1      | Prayed at the altar of an unknown god.
   303 | D:1      | Became a worshipper of Jiyva Joengil the Shapeless
   303 | D:1      | Reached * piety under Jiyva
   796 | D:2      | Found a broken altar of Ashenzari.
   815 | D:2      | Reached XP level 3. HP: 26/28 MP: 3/3
   956 | D:2      | Reached ** piety under Jiyva
  1426 | D:3      | Identified the ring of Iboymim {rN++ rCorr Dex+7 Slay-3}
  1483 | D:3      | Found a runed translucent door.
  1484 | D:3      | Noticed Crazy Yiuf
  1520 | D:3      | Reached XP level 4. HP: 34/34 MP: 4/4
  1571 | D:3      | HP: 1/34 [gnoll/+2 halberd of protection (11)]
  1571 | D:3      | Mangled by a gnoll

Illustrated notes

Levels and vault maps discovered:
D:1:      lordsloth_arrival_two_stooges, layout_loops_ring,
          shapermc_ecumenical_altar_venn
D:2:      layout_basic, basic_altar, serial_bayou_ford_a, kennysheep_nub
D:3:      layout_basic, good_gods_temple_1, uniq_crazy_yiuf_cottage

Skill      XL: |  1  2  3 |
---------------+----------+-----
Throwing       | 2 |  2.3
Axes           | 3 |  3.5
Dodging        | 3 |  3.1
Fighting       | |  2.6

Action                   |  1- 3 |  4- 6 || total
-------------------------+-------+-------++-------
Melee: War axe           |   112 |     6 ||   118
       Punch             |     1 |       ||     1
Throw: Javelin           |       |     1 ||     1
Armor: Leather armour    |    44 |       ||    44
Dodge: Dodged            |    92 |    11 ||   103
